 Dungeon Crawl Stone Soup version 0.18.1-6-gd335043 (webtiles) character file.

20008 Moloch the Severer (level 12, -6/121 HPs)
             Began as a Demonspawn Berserker on May 17, 2016.
             Was a High Priest of Trog.
             Mangled by a 16-headed hydra (7 damage)
             ... on level 2 of the Lair of Beasts.
             The game lasted 00:34:49 (15675 turns).

Moloch the Severer (Demonspawn Berserker)          Turns: 15675, Time: 00:34:50

Health: -6/121     AC: 16    Str: 34    XL:     12   Next: 41%
Magic:  4/4        EV: 15    Int: 11    God:    Trog [*****.]
Gold:   376        SH:  0    Dex: 15    Spells: 0 memorised, 11 levels left

rFire  + + .     SeeInvis +     w - +1 battleaxe (antimagic)
rCold  + + .     Gourm    .     p - +2 plate armour {rF+}
rNeg   . . .     Faith    .     (shield currently unavailable)
rPois  .         Spirit   .     (helmet unavailable)
rElec  .         Dismiss  .     s - +0 cloak
rCorr  .         Reflect  .     o - +2 pair of gloves
SustAt .         Harm     .     (no boots)
MR     .....                    (no amulet)
Stlth  ..........               G - +5 ring of strength
                                S - +6 ring of evasion

@: berserking, very quick, not resistant to hostile enchantments, extremely
unstealthy
A: antennae 3, hooves 1, agile 1, blurry vision 1, clever 1, cold resistance 2,
fire resistance 1, powered by pain 1, slow regeneration 1, strong 1, subdued
magic 1, sturdy frame 1
a: Berserk, Trog's Hand, Brothers in Arms, Burn Spellbooks, Renounce Religion


You were on level 2 of the Lair of Beasts.
You worshipped Trog.
Trog was extremely pleased with you.
You were very hungry.

You visited 3 branches of the dungeon, and saw 15 of its levels.

You collected 957 gold pieces.
You spent 581 gold pieces at shops.

Inventory:

Hand Weapons
 w - a +1 antimagic battleaxe (weapon)
 C - a +0 flail of protection
 T - a +3 antimagic executioner's axe
Armour
 o - a +2 pair of gloves (worn)
 p - a +2 plate armour of fire resistance (worn)
 s - a +0 cloak (worn)
Jewellery
 e - an uncursed ring of ice
 r - an uncursed ring of sustain attributes
 G - a +5 ring of strength (right hand)
 M - an uncursed ring of resist corrosion
 S - a +6 ring of evasion (left hand)
Wands
 k - a wand of confusion (15/48)
 m - a wand of lightning (3/15)
 J - a wand of digging (8/24)
Scrolls
 d - 3 scrolls of remove curse
 f - 4 scrolls of random uselessness {unknown}
 n - 2 scrolls of enchant armour
 t - 2 scrolls of noise {unknown}
 v - 2 scrolls of enchant weapon {unknown}
 x - a scroll of teleportation
 y - a scroll of acquirement {unknown}
 A - a scroll of brand weapon {unknown}
 D - 2 scrolls of blinking
 H - a scroll of immolation {unknown}
 I - a scroll of magic mapping {unknown}
 L - a scroll of fear {unknown}
 O - a scroll of summoning {unknown}
Potions
 g - a potion of might
 h - a potion of mutation
 i - 2 potions of invisibility
 j - a potion of lignification
 u - a potion of cure mutation
 z - a potion of heal wounds
 B - a potion of haste
 E - a potion of brilliance
 K - a potion of resistance {unknown}
 Q - 3 potions of flight {unknown}
 R - a potion of curing
Books
 b - a book of Flames

   Spells                             Type                      Level
   a - Flame Tongue                   Conjuration/Fire             1
   b - Throw Flame                    Conjuration/Fire             2
   c - Conjure Flame                  Conjuration/Fire             3
   d - Inner Flame                    Hexes/Fire                   3
   e - Sticky Flame                   Conjuration/Fire             4
   f - Fireball                       Conjuration/Fire             5
   Trog disapproves of the use of such an item.
Miscellaneous
 F - an ornate deck of summoning
Comestibles
 a - a royal jelly
 c - 4 bread rations
 l - 7 meat rations
 q - 3 beef jerkies
 N - 5 fruits


   Skills:
 - Level 3.0 Fighting
 + Level 17.8 Axes
 - Level 1.7 Armour
 - Level 1.7 Dodging


You had 11 spell levels left.
You didn't know any spells.

Dungeon Overview and Level Annotations

Branches:
Dungeon (11/15)            Temple (0/1) D:7            Lair (2/8) D:9
    Orc (2/2) D:11            Elf (0/3) Orc:2

Altars:
Ashenzari
Dithmenos
Xom
Yredelemnul
Zin

Shops:
D:4 (%   D:10 *   Orc:1 :*!

Annotations:
D:10 exclusion: downstairs


Innate Abilities, Weirdness & Mutations

You have a pair of large antennae on your head (SInv).
Your flesh is very cold resistant.
You sometimes gain a little power by taking damage.
Your movements are slightly less encumbered by armour (ER -2).
You have large cloven feet.
You are agile. (Dex +2)
Scrolls take you a little longer to read.
Your mind is acute. (Int +2)
Your flesh is heat resistant.
You regenerate slowly when monsters are visible.
Your muscles are strong. (Str +2)
Your spells are a little easier to cast, but a little less powerful.


Message History

The 15-headed hydra misses you. The 15-headed hydra closely misses you.
The 15-headed hydra bites you but does no damage. x2
The 15-headed hydra closely misses you.
The 15-headed hydra bites you but does no damage. x2
The 15-headed hydra misses you. The 15-headed hydra bites you!
* * * LOW HITPOINT WARNING * * *
The 15-headed hydra bites you but does no damage.
You lop one of the 15-headed hydra's heads off!
The 14-headed hydra grows two more!
You slash the 16-headed hydra! Your kick misses the 16-headed hydra.
The 16-headed hydra is almost dead.
The 16-headed hydra closely misses you. The 16-headed hydra misses you.
The 16-headed hydra bites you but does no damage.
The 16-headed hydra completely misses you.
The 16-headed hydra bites you!
* * * LOW HITPOINT WARNING * * *
The 16-headed hydra closely misses you.
The 16-headed hydra bites you but does no damage.
The 16-headed hydra misses you. The 16-headed hydra bites you!
You die...

..t .D.. #.. ...F.
#######.. P..##.......$
.........## #......).# {
##....(..# #..D.....##
#P..@.....## #P.........#
##.........##
###P.....(....# ###
##.#..........## ##.###
##..........#...#
.(...####...#......P##..#
≈≈≈.≈(##....#......###..#
≈≈≈≈≈..#...........##...##


You could see a 16-headed hydra and a spiny frog.

Vanquished Creatures
  A hydra (Lair:1)
  An orc high priest (Orc:1)
  Nergalle (D:10)
  An unseen horror (D:10)
  A hill giant (D:10)
  An orc knight (Orc:1)
  An orc sorcerer (Orc:1)
  2 ugly things (D:11)
  Joseph (D:10)
  A gargoyle (D:10)
  6 komodo dragons (Lair:1)
  2 trolls
  A two-headed ogre (Orc:1)
  A vampire (D:10)
  10 yaks
  2 hungry ghosts
  3 hippogriffs
  A warg (Orc:1)
  A mottled dragon (D:11)
  4 water moccasins
  2 hell hounds (D:9)
  15 orc warriors
  3 porcupines (Lair:1)
  Duvessa (D:4)
  6 sky beasts
  2 black bears
  A wasp (D:10)
  2 phantoms
  10 ogres
  7 centaurs
  4 crocodiles
  A big kobold (D:9)
  6 giant frogs
  Dowan (D:4)
  4 scorpions
  14 killer bees
  8 wights
  2 electric eels (Lair:2)
  3 howler monkeys (D:9)
  2 crimson imps
  5 jellies
  Crazy Yiuf (D:6)
  16 orc priests
  A gnoll shaman (D:4)
  12 hounds
  14 orc wizards
  12 iguanas
  2 centaur skeletons
  5 worker ants
  A killer bee zombie (D:10)
  2 hound zombies
  13 gnolls
  2 howler monkey skeletons
  10 river rats (Lair:1)
  11 adders
  2 shadow imps (D:9)
  An adder skeleton (D:6)
  2 dart slugs
  A worm (D:4)
  6 giant geckos
  56 orcs
  3 ball pythons
  5 giant cockroaches
  5 goblins
  13 hobgoblins
  20 jackals
  2 quokkas
  6 bats
  A giant gecko skeleton (D:5)
  2 giant newts
  A jackal skeleton (D:6)
  13 kobolds
  A quokka skeleton (D:5)
  7 rats
  A plant (Lair:1)
391 creatures vanquished.

Vanquished Creatures (collateral kills)
  A hydra (D:11)
  Sonja (D:11)
  A hippogriff (D:11)
  2 orcs (D:11)
5 creatures vanquished.

Vanquished Creatures (others)
  A fungus (Lair:1)
1 creature vanquished.

Grand Total: 397 creatures vanquished

Notes
Turn   | Place    | Note
--------------------------------------------------------------
     0 | D:1      | Moloch the Demonspawn Berserker began the quest for the Orb.
     0 | D:1      | Reached XP level 1. HP: 18/18 MP: 1/1
   147 | D:1      | Reached skill level 3 in Axes
   204 | D:1      | Gained mutation: You have a pair of small antennae on your head. [demonic ancestry]
   204 | D:1      | Reached XP level 2. HP: 24/24 MP: 2/2
   624 | D:1      | Reached ** piety under Trog
   889 | D:1      | Gained mutation: You have a pair of antennae on your head. [demonic ancestry]
   889 | D:1      | Reached XP level 3. HP: 14/29 MP: 3/3
  1409 | D:2      | Reached skill level 4 in Axes
  1705 | D:2      | Reached XP level 4. HP: 22/35 MP: 4/4
  2423 | D:2      | You fall through a shaft!
  2482 | D:3      | Reached skill level 5 in Axes
  2519 | D:3      | Reached *** piety under Trog
  2536 | D:3      | Gained mutation: Your flesh is cold resistant. [demonic ancestry]
  2536 | D:3      | Reached XP level 5. HP: 37/41 MP: 5/5
  2769 | D:3      | Found a shadowy altar of Dithmenos.
  2769 | D:3      | Found a basalt altar of Yredelemnul.
  2798 | D:3      | Found a shattered altar of Ashenzari.
  3053 | D:3      | Reached skill level 6 in Axes
  3406 | D:4      | Reached XP level 6. HP: 33/47 MP: 6/6
  3563 | D:4      | Reached skill level 7 in Axes
  3652 | D:4      | Reached XP level 7. HP: 39/52 MP: 7/7
  3713 | D:4      | Noticed Duvessa
  3714 | D:4      | Noticed Dowan
  3743 | D:4      | Killed Duvessa
  3750 | D:4      | Killed Dowan
  3750 | D:4      | Reached skill level 8 in Axes
  3983 | D:4      | Found Qaunull's Food Boutique.
  3983 | D:4      | Noticed a hungry ghost
  4002 | D:4      | Killed a hungry ghost
  4130 | D:4      | Reached **** piety under Trog
  4596 | D:4      | Found Huerphal's Antique Weapon Emporium.
  4887 | D:5      | Entered Level 5 of the Dungeon
  5237 | D:4      | Reached XP level 8. HP: 19/58 MP: 8/8
  5444 | D:5      | Reached skill level 9 in Axes
  5461 | D:5      | Gained mutation: Your magical capacity is low (-10% MP). [mutagenic meat]
  5462 | D:5      | Gained mutation: Your mind is acute. (Int +2) [mutagenic meat]
  5463 | D:5      | Gained mutation: Your flesh is very cold resistant. [mutagenic meat]
  5464 | D:5      | Gained mutation: Your spells are a little easier to cast, but a little less powerful. [mutagenic meat]
  5465 | D:5      | Lost mutation: Your magical capacity is low (-10% MP). [mutagenic meat]
  5466 | D:5      | Gained mutation: Scrolls take you a little longer to read. [mutagenic meat]
  6000 | D:6      | Reached skill level 10 in Axes
  6010 | D:6      | Identified the Papyrus of Unholy Heat
  6169 | D:6      | Gained mutation: You are agile. (Dex +2) [mutagenic meat]
  6171 | D:6      | Gained mutation: You are very agile. (Dex +4) [mutagenic meat]
  6325 | D:6      | Reached skill level 11 in Axes
  6325 | D:6      | Gained mutation: You have a pair of large antennae on your head (SInv). [demonic ancestry]
  6325 | D:6      | Reached XP level 9. HP: 63/63 MP: 9/9
  6554 | D:6      | Noticed Crazy Yiuf
  6561 | D:6      | Killed Crazy Yiuf
  6728 | D:7      | Lost mutation: You are very agile. (Dex +4) [mutagenic meat]
  6729 | D:7      | Gained mutation: Your flesh is heat resistant. [mutagenic meat]
  6937 | D:7      | Found a staircase to the Ecumenical Temple.
  7148 | D:7      | Reached ***** piety under Trog
  7778 | D:8      | Reached skill level 12 in Axes
  8590 | D:9      | Found a glowing silver altar of Zin.
  8668 | D:9      | Reached skill level 13 in Axes
  8668 | D:9      | Gained mutation: You sometimes gain a little power by taking damage. [demonic ancestry]
  8668 | D:9      | Reached XP level 10. HP: 49/70 MP: 10/10
  9082 | D:9      | Found a staircase to the Lair.
  9164 | D:10     | Entered Level 10 of the Dungeon
  9168 | D:10     | Noticed Joseph
  9181 | D:10     | Killed Joseph
  9287 | D:10     | Noticed an unseen horror
  9307 | D:10     | Killed an unseen horror
  9307 | D:10     | Reached skill level 14 in Axes
  9641 | D:10     | Noticed Nergalle
  9748 | D:10     | Killed Nergalle
  9886 | D:10     | Noticed a gargoyle
  9898 | D:10     | Killed a gargoyle
  9911 | D:10     | Found Dumyecwao's Assorted Antiques.
  9919 | D:10     | Bought a translucent chain mail for 342 gold pieces
  9929 | D:10     | Identified the +2 chain mail "Cimp" {rElec MP+9 Int-3} (You bought it in a shop on level 10 of the Dungeon)
 10018 | D:10     | Noticed a hill giant
 10027 | D:10     | Killed a hill giant
 10061 | D:10     | Reached skill level 15 in Axes
 10061 | D:10     | Gained mutation: Your movements are slightly less encumbered by armour (ER -2). [demonic ancestry]
 10061 | D:10     | Reached XP level 11. HP: 54/75 MP: 11/11
 10251 | D:11     | Noticed Sonja
 10742 | D:11     | Gained mutation: You regenerate slowly when monsters are visible. [mutagenic meat]
 10747 | D:11     | Noticed a green ugly thing
 10762 | D:11     | Killed a green ugly thing
 10767 | D:11     | Gained mutation: You have large cloven feet. [mutagenic meat]
 10769 | D:11     | Gained mutation: Your muscles are strong. (Str +2) [mutagenic meat]
 11159 | D:11     | Received a gift from Trog
 11419 | D:11     | Noticed a green ugly thing
 11437 | D:11     | Killed a green ugly thing
 11596 | D:11     | Noticed a five-headed hydra
 11600 | D:11     | Killed a five-headed hydra
 11697 | D:11     | Reached skill level 16 in Axes
 11706 | D:11     | Found a staircase to the Orcish Mines.
 11904 | D:11     | Noticed a death knight
 11949 | D:11     | Killed Sonja
 11950 | D:11     | HP: 5/112 [poisoned by Sonja (curare-tipped needle)]
 12396 | Orc:1    | Entered Level 1 of the Orcish Mines
 12396 | Orc:1    | Noticed an orc knight
 12410 | Orc:1    | Killed an orc knight
 12804 | Orc:1    | Found Fiduf's Assorted Antiques.
 12810 | Orc:1    | Noticed an orc sorcerer
 13006 | Orc:1    | Killed an orc sorcerer
 13064 | Orc:1    | Received a gift from Trog
 13066 | Orc:1    | Found a shimmering altar of Xom.
 13098 | Orc:1    | Bought a scroll of teleportation for 63 gold pieces
 13274 | Orc:1    | Found Ihayroan's Book Shoppe.
 13281 | Orc:1    | Noticed an orc high priest
 13313 | Orc:1    | Noticed a sun demon
 13315 | Orc:1    | Noticed a sun demon
 13522 | Orc:1    | Killed an orc high priest
 13998 | Orc:1    | Found Felor's Distillery.
 14009 | Orc:1    | Bought 2 potions of invisibility for 176 gold pieces
 14208 | Orc:1    | Reached XP level 12. HP: 52/81 MP: 4/12
 14242 | Orc:2    | Entered Level 2 of the Orcish Mines
 14242 | Orc:2    | Found a staircase to the Elven Halls.
 14248 | Orc:2    | Noticed an ogre mage
 14255 | Orc:1    | Reached skill level 17 in Axes
 14405 | Lair:1   | Entered Level 1 of the Lair of Beasts
 15068 | Lair:1   | Received a gift from Trog
 15379 | Lair:1   | Noticed a four-headed hydra
 15387 | Lair:1   | Killed a nine-headed hydra
 15658 | Lair:2   | Noticed an eight-headed hydra
 15675 | Lair:2   | HP: 1/121 [16-headed hydra (11)]
 15675 | Lair:2   | Mangled by a 16-headed hydra

Skill      XL: |  1  2  3  4  5  6  7  8  9 10 11 12 |
---------------+-------------------------------------+-----
Axes           | 3 4 5 6 7 8 11 13 15 16 17 | 17.8
Fighting       | |  3.0
Armour         | |  1.7
Dodging        | |  1.7

Action                   |  1- 3 |  4- 6 |  7- 9 | 10-12 || total
-------------------------+-------+-------+-------+-------++-------
Melee: Hand axe          |   163 |   239 |   419 |       ||   821
       War axe           |       |       |   146 |    93 ||   239
       Battleaxe         |       |       |       |   540 ||   540
       Kick              |       |       |       |   160 ||   160
Invok: Berserk           |     3 |     6 |    16 |    23 ||    48
       Burn Spellbooks   |       |       |     1 |     1 ||     2
       Trog's Hand       |       |       |       |     3 ||     3
       Brothers in Arms  |       |       |       |     3 ||     3
Evoke: Wand              |       |       |     1 |     4 ||     5
  Use: Scroll            |     3 |     4 |     1 |    12 ||    20
       Potion            |       |       |       |     3 ||     3
 Stab: Invisible         |       |       |       |     5 ||     5
  Eat: Chunk             |     6 |    11 |    42 |    47 ||   106
       Bread ration      |       |       |     3 |       ||     3
       Beef jerky        |       |       |     1 |     1 ||     2
       Fruit             |       |       |     1 |     3 ||     4
       Pizza             |       |       |     1 |       ||     1
Armor: Animal skin       |    16 |       |       |       ||    16
       Ring mail         |    38 |    82 |     1 |       ||   121
       Plate armour      |       |       |   314 |   206 ||   520
       Chain mail        |       |       |       |   125 ||   125
       Skin              |       |       |       |    37 ||    37
Dodge: Dodged            |    68 |    86 |    71 |   308 ||   533
Block: Shield            |    33 |    98 |   198 |    48 ||   377
